 Dungeon Crawl Stone Soup version 0.24-a0-411-g4df2b1290f (webtiles) character file.

Game seed: 18003908009006842551

2670 Gargoyl the Chopper (level 9, -3/81 HPs)
             Began as a Centaur Abyssal Knight on June 6, 2019.
             Was a Priest of Lugonu.
             Slain by a vampire mosquito (5 damage)
             ... on level 7 of the Dungeon.
             The game lasted 00:15:52 (9533 turns).

Gargoyl the Chopper (Centaur Abyssal Knight)        Turns: 9533, Time: 00:15:53

Health: -3/81      AC:  9    Str: 16    XL:     9   Next: 37%
Magic:  13/13      EV: 10    Int: 11    God:    Lugonu [***...]
Gold:   325        SH:  0    Dex: 11    Spells: 8/8 levels left

rFire    . . .     SeeInvis .   a - +3 hand axe
rCold    . . .     Gourm    .   (no shield)
rNeg     . . .     Faith    .   k - +1 ring mail {MR+}
rPois    +         Spirit   .   f - +1 helmet
rElec    .         Reflect  .   (no cloak)
rCorr    .         Harm     .   (no gloves)
MR       +....                  (no barding)
Stlth    ..........             (no amulet)
HPRegen  0.23/turn              l - ring of poison resistance
MPRegen  0.13/turn              s - -2 ring of intelligence (curse)

@: very quick
A: large, hooves 3, clever 1, deformed body, speed 2, robust 1, tough skin 3,
evolution 1
a: Depart the Abyss, Bend Space, Banish, Renounce Religion


You were on level 7 of the Dungeon.
You worshipped Lugonu.
Lugonu was most pleased with you.
You were hungry.

You visited 1 branch of the dungeon, and saw 8 of its levels.
You visited the Abyss 1 time.
You also visited: Ossuary.

You collected 325 gold pieces.

Inventory:

Hand Weapons
 a - a +3 hand axe (weapon)
Missiles
 p - 4 boomerangs (quivered)
Armour
 f - a +1 helmet (worn)
 k - a +1 ring mail of magic resistance (worn)
Jewellery
 l - a ring of poison resistance (left hand)
 s - a cursed -2 ring of intelligence (right hand)
Wands
 e - a wand of random effects (19)
 h - a wand of polymorph (10)
 o - a wand of iceblast (5)
 u - a wand of flame (39)
Scrolls
 g - 3 scrolls of magic mapping
 i - 5 scrolls of identify
 m - 2 scrolls of teleportation
Potions
 b - a potion of haste
 d - a potion of brilliance
 j - a potion of flight
 n - a potion of might
 q - 6 potions of curing
Comestibles
 c - 2 rations
 r - 3 chunks of flesh


   Skills:
 + Level 5.5 Fighting
 + Level 6.6 Axes
 * Level 5.3 Armour
 * Level 3.6 Dodging
 * Level 5.6 Invocations


You had 8 spell levels left.
You didn't know any spells.
Your spell library contained the following spells:

 Spells                   Type           Power        Failure   Level  Hunger
 Magic Dart               Conj           #...         54%         1    ##.....
 Blink                    Tloc           N/A          67%         2    ###....
 Call Imp                 Summ           #.......     67%         2    ###....
 Slow                     Hex            #.......     67%         2    ###....
 Conjure Flame            Conj/Fire      #.......     88%         3    ####...
 Mephitic Cloud           Conj/Pois/Air  #.......     88%         3    ####...


Dungeon Overview and Level Annotations

Branches:
Dungeon (8/15)             Temple (0/1) D:5
   Lair: D:8-11

Altars:
Cheibriados
Makhleb
Nemelex Xobeh
Qazlal
Sif Muna
Trog
Uskayaw

Shops:
D:6 }

Annotations:
D:4 motoroller71's ghost, novice GrFi
D:5 5 runed translucent doors, Pikel


Innate Abilities, Weirdness & Mutations

You have hooves in place of feet.
Armour fits poorly on your strangely shaped body.
You cover ground very quickly.
You have extremely tough skin. (AC +3)
Your mind is acute. (Int +2)
You are robust. (+10% HP)
You evolve.


Message History

The vampire mosquito bites you but does no damage.
Unknown command.
You completely miss the vampire mosquito.
Your kick misses the vampire mosquito.
The vampire mosquito is moderately damaged.
The vampire mosquito closely misses you.
The vampire mosquito bites you.
* * * LOW HITPOINT WARNING * * *
The vampire mosquito draws strength from your injuries!
You closely miss the vampire mosquito. You kick the vampire mosquito.
The vampire mosquito is lightly damaged.
The vampire mosquito barely misses you.
You closely miss the vampire mosquito.
The vampire mosquito is lightly damaged.
The vampire mosquito bites you but does no damage.
The vampire mosquito closely misses you.
You hit the vampire mosquito.
The vampire mosquito is moderately damaged.
The vampire mosquito bites you.
You die...

...###....####.##..###'####..#...
######....####.##..###..#########
...............#..........#
...............#..........#
...†...........#..........#
...............#..........#
...............#.((.......#
...............#..........#
......=........#@.........#
...###..####.####y.......##
...###..# ######()#######
........# #...)(.# ..).....#
#......# ..÷.....# #......#
..).....# #......# .......)#
#......# ........# #......#


You could see a vampire mosquito.

Vanquished Creatures
  An ugly thing (D:6)
  A shadow (D:6)
  A hungry ghost (D:7)
  Menkaure (Ossuary)
  An orc warrior (D:6)
  A phantom (D:4)
  2 black bears (D:7)
  Blork the orc (D:4)
  5 bullfrogs
  A big kobold (D:7)
  A scorpion (D:6)
  A howler monkey (D:4)
  A bullfrog zombie (D:7)
  2 crimson imps (D:5)
  3 hounds
  A centaur skeleton (D:5)
  3 orc priests
  A gnoll shaman (D:7)
  4 orc wizards
  A bullfrog skeleton (D:4)
  Ijyb (D:4)
  3 iguanas
  3 worker ants
  3 mummies (Ossuary)
  3 hound skeletons
  A worker ant zombie (D:7)
  3 gnolls (D:7)
  9 adders
  A shadow imp (D:3)
  A white imp (Abyss:1)
  An adder skeleton (D:4)
  A worm (D:2)
  A dart slug (D:3)
  4 leopard geckos
  15 orcs
  3 giant cockroaches
  3 gnoll zombies (Ossuary)
  4 goblins
  4 hobgoblins (D:1)
  3 jackals (D:2)
  5 quokkas
  4 bats (D:2)
  6 frilled lizards
  4 gnoll skeletons (Ossuary)
  3 goblin skeletons (Ossuary)
  8 goblin zombies (Ossuary)
  3 hobgoblin skeletons (Ossuary)
  2 hobgoblin zombies (Ossuary)
  A jackal skeleton (D:8)
  A jackal zombie (D:6)
  13 kobolds
  2 kobold skeletons (Ossuary)
  2 kobold zombies (Ossuary)
  2 orc skeletons (Ossuary)
  5 orc zombies (Ossuary)
  4 rats
  8 rat skeletons (Ossuary)
  A rat zombie (Ossuary)
174 creatures vanquished.

Vanquished Creatures (others)
  A goblin skeleton (Ossuary)
  A hobgoblin skeleton (Ossuary)
  A hobgoblin zombie (Ossuary)
  2 kobold zombies (Ossuary)
  An orc zombie (Ossuary)
  A rat skeleton (Ossuary)
  A withered plant (D:4)
8 creatures vanquished.

Grand Total: 182 creatures vanquished

Notes
Turn   | Place    | Note
-------+----------+-------------------------------------------
     0 | Abyss:1  | Gargoyl the Centaur Abyssal Knight began the quest for the
                  | Orb.
     0 | Abyss:1  | Reached XP level 1. HP: 19/19 MP: 2/2
    95 | Abyss:1  | Noticed a sixfirhy
   134 | Abyss:1  | Noticed a sixfirhy
   135 | D:1      | Escaped the Abyss
   372 | D:1      | Reached XP level 2. HP: 25/26 MP: 3/3
   387 | D:1      | You fall into a shaft and drop 1 floor!
   627 | D:2      | Reached skill level 2 in Axes
   672 | D:2      | Found a burning altar of Makhleb.
   773 | D:2      | Found a sparkling altar of Nemelex Xobeh.
   773 | D:2      | Found a bloodstained altar of Trog.
   789 | D:2      | Reached XP level 3. HP: 25/31 MP: 4/4
   921 | D:1      | Reached * piety under Lugonu
  1385 | D:2      | Reached skill level 1 in Dodging
  1866 | D:3      | Reached XP level 4. HP: 37/40 MP: 5/5
  2150 | D:3      | Reached XP level 5. HP: 19/46 MP: 7/7
  2397 | D:3      | Reached skill level 3 in Axes
  2840 | D:4      | Noticed a phantom
  2946 | D:4      | Killed a phantom
  2946 | D:4      | Reached XP level 6. HP: 27/52 MP: 8/8
  3097 | D:4      | You fall into a shaft and drop 3 floors!
  3152 | D:6      | Found Judghake's Gadget Shoppe.
  3177 | D:6      | Noticed a shadow
  3194 | D:6      | Killed a shadow
  3194 | D:6      | Reached skill level 4 in Axes
  3500 | D:6      | Reached XP level 7. HP: 51/59 MP: 9/9
  3528 | D:6      | Gained mutation: You evolve. [potion of mutation]
  3528 | D:6      | Gained mutation: Your mind is acute. (Int +2) [potion of
                  | mutation]
  3789 | D:6      | Found a snail-covered altar of Cheibriados.
  3869 | D:6      | Found a sand-covered staircase.
  3877 | Ossuary  | Entered an ossuary
  4036 | Ossuary  | Reached ** piety under Lugonu
  4408 | Ossuary  | Noticed Menkaure
  4653 | Ossuary  | Killed Menkaure
  5188 | D:5      | Entered Level 5 of the Dungeon
  5254 | D:5      | Noticed Pikel
  5255 | D:5      | Found a staircase to the Ecumenical Temple.
  5695 | D:5      | Found a hide-covered altar of Uskayaw.
  5841 | D:4      | Reached skill level 5 in Axes
  5843 | D:4      | You fall into a shaft and drop 2 floors!
  6100 | D:4      | Reached XP level 8. HP: 64/67 MP: 11/11
  6338 | D:4      | Noticed Ijyb
  6347 | D:4      | Killed Ijyb
  6504 | D:4      | Found a runed translucent door.
  6505 | D:4      | Noticed motoroller71's ghost (novice GrFi)
  6582 | D:4      | Gained mutation: You are robust. (+10% HP) [evolution]
  6712 | D:4      | Noticed Blork the orc
  6725 | D:4      | Killed Blork the orc
  7130 | D:4      | HP: 2/73 [motoroller71's ghost (12)]
  7549 | D:5      | Found the +9 staff of Olgreb {rPois}
  7557 | D:5      | Found a runed translucent door.
  7564 | D:5      | Found a runed translucent gate.
  7564 | D:5      | Found a runed translucent gate.
  7565 | D:5      | Found a runed translucent door.
  7610 | D:5      | Found a runed translucent gate.
  7927 | D:6      | Reached *** piety under Lugonu
  8181 | D:7      | Noticed a green ugly thing
  8226 | D:6      | Killed a green ugly thing
  8226 | D:6      | Reached skill level 5 in Fighting
  8226 | D:6      | Reached skill level 6 in Axes
  8226 | D:6      | Reached skill level 5 in Invocations
  8254 | D:7      | Found a deep blue altar of Sif Muna.
  8300 | D:7      | Reached XP level 9. HP: 55/81 MP: 12/12
  8417 | D:7      | Identified the +2 robe of the Jackalope {Int+6} (You found
                  | it on level 7 of the Dungeon)
  8645 | D:7      | Got a twitching brass ring
  8763 | D:7      | Identified the ring of Hocwuto {Ice rElec} (You found it on
                  | level 7 of the Dungeon)
  8780 | D:7      | Reached skill level 5 in Armour
  9160 | D:7      | Found a stormy altar of Qazlal.
  9530 | D:7      | HP: 1/81 [vampire mosquito (4)]
  9533 | D:7      | Slain by a vampire mosquito

Levels and vault maps discovered:
D:1:      dpeg_arrival_shelter, layout_rooms
D:2:      layout_loops_corners, grunt_temple_overflow_open, first_ration,
          bloody_makhleb
D:3:      layout_rooms
D:4:      layout_basic, gammafunk_ghost_grave, supply_closet_lemuel,
          uniq_blork_the_orc, uniq_ijyb
D:5:      layout_basic, nicolae_overflow_hidden_temple,
          minmay_temple_entry_stoned_glass,
          minmay_guarded_unrand_staff_of_olgreb, uniq_pikel
D:6:      layout_loops_ring, serial_shops, shop, chequers_ossuary_entry_cave,
          solitary_fountain, cheibriados_altar_1
D:7:      layout_gridville, lemuel_round_altar, grunt_qazlal_clouds
D:8:      layout_cave_pools, kennysheep_little_box, uniq_psyche

Skill      XL: |  1  2  3  4  5  6  7  8  9 |
---------------+----------------------------+-----
Axes           | 2 3 4 5 6 |  6.6
Dodging        | 1 2 3 |  3.6
Armour         | 2 3 4 5 |  5.3
Fighting       | 4 5 |  5.5
Invocations    | 3 4 5 |  5.6

Action                   |  1- 3 |  4- 6 |  7- 9 || total
-------------------------+-------+-------+-------++-------
Melee: Hand axe          |   118 |   122 |   555 ||   795
       Kick              |    18 |    26 |   126 ||   170
Throw: Boomerang         |       |       |     1 ||     1
Invok: Depart the Abyss  |     1 |       |       ||     1
  Use: Scroll            |     2 |     5 |     9 ||    16
       Potion            |       |       |    13 ||    13
  Eat: Chunk             |     1 |     3 |    12 ||    16
       Ration            |       |     1 |     4 ||     5
Armor: Chain mail        |   111 |   110 |    92 ||   313
       Skin              |       |       |    44 ||    44
       Ring mail         |       |       |   145 ||   145
Dodge: Dodged            |    39 |    30 |   192 ||   261

Table legend:
 A = Non-vault XP
 B = Vault XP
 C = Vault XP percentage of total XP
 D = Non-vault monster count
 E = Vault monster count
 F = Vault count percentage of total count
                 A         B        C        D         E       F
            +---------+---------+-------+---------+---------+-------
      Total |    3413 |     402 |  10.5 |     125 |      44 |  26.0
            +---------+---------+-------+---------+---------+-------
        D:1 |      20 |       0 |   0.0 |      13 |       0 |   0.0
        D:2 |      55 |       0 |   0.0 |      19 |       0 |   0.0
        D:3 |     207 |       0 |   0.0 |      26 |       0 |   0.0
        D:4 |     349 |     136 |  28.0 |       9 |       2 |  18.2
        D:5 |     257 |       0 |   0.0 |       8 |       0 |   0.0
        D:6 |    1223 |       0 |   0.0 |      16 |       0 |   0.0
        D:7 |    1027 |       0 |   0.0 |      25 |       0 |   0.0
        D:8 |     264 |       0 |   0.0 |       8 |       0 |   0.0
    Abyss:1 |      11 |       0 |   0.0 |       1 |       0 |   0.0
    Ossuary |       0 |     266 | 100.0 |       0 |      42 | 100.0
            +---------+---------+-------+---------+---------+-------
